 Dungeon Crawl Stone Soup version 0.19-a0-1019-g9c6a58d (webtiles) character file.

2783 TheGoonsmith the Geomancer (level 9, 0/45 HPs)
             Began as a Gargoyle Earth Elementalist on July 26, 2016.
             Was an Initiate of Vehumet.
             Slain by Erica
             ... wielding a +4 scimitar of flaming
              (2 damage)
             ... on level 8 of the Dungeon.
             The game lasted 00:17:44 (11484 turns).

TheGoonsmith the Geomancer (GrEE)                  Turns: 11484, Time: 00:17:44

Health: 0/45       AC: 12    Str: 12    XL:     9   Next: 70%
Magic:  1/18       EV: 12    Int: 19    God:    Vehumet [......]
Gold:   401        SH:  0    Dex: 10    Spells: 4 memorised, 7 levels left

rFire  + + +     SeeInvis .     a - +3 whip (venom)
rCold  . . .     Gourm    .     B - +2 robe {rF+}
rNeg   + . .     Faith    .     (no shield)
rPois  ∞         Spirit   .     E - +1 helmet
rElec  +         Dismiss  .     (no cloak)
rCorr  +         Reflect  .     R - +0 pair of gloves of Elyvilon's Approval {rF+}
SustAt .         Harm     .     (no boots)
MR     .....                    (no amulet)
Stlth  ++........               I - ring of resist corrosion
                                A - ring of protection from fire

@: slowed, very slow, not resistant to hostile enchantments, unstealthy
A: negative energy resistance 1, electricity resistance, unbreathing,
petrification resistance, rot immunity, AC +5
a: Renounce Religion


You were on level 8 of the Dungeon.
You worshipped Vehumet.
Vehumet was noncommittal.
You were not hungry.

You visited 2 branches of the dungeon, and saw 9 of its levels.

You collected 401 gold pieces.

Inventory:

Hand Weapons
 a - a +3 whip of venom (weapon)
 f - a +0 short sword
 m - a +0 mace
 D - a +1 dagger of venom
Missiles
 b - 342 stones (quivered)
Armour
 B - a +2 robe of fire resistance (worn)
 E - a +1 helmet (worn)
 R - the +0 pair of gloves of Elyvilon's Approval (worn) {rF+}
   (You found it on level 6 of the Dungeon)

   It protects you from fire.
Jewellery
 A - a ring of protection from fire (left hand)
 I - a ring of resist corrosion (right hand)
 O - an uncursed amulet of guardian spirit
Wands
 q - a wand of lightning (7/15)
 w - a wand of lightning (8/15)
 L - a wand of lightning (9/15)
Scrolls
 c - a scroll of recharging
 j - 2 scrolls of teleportation
 l - 3 scrolls of immolation
 n - 2 scrolls of fear
 r - 3 scrolls of identify
 t - a scroll of amnesia
 y - 5 scrolls of remove curse
 J - 3 scrolls of noise
Potions
 g - a potion of cure mutation
 h - a potion of might
 o - 2 potions of lignification
 p - a potion of heal wounds
 v - a potion of invisibility
 x - 2 potions of agility
 z - a potion of resistance
 C - 2 potions of flight
 F - a potion of berserk rage
 G - a potion of curing {unknown}
Books
 e - a book of Geomancy

   Spells                             Type                      Level
   a - Sandblast                      Earth                        1
   b - Passwall                       Transmutation/Earth          2
   c - Stone Arrow                    Conjuration/Earth            3
   d - Petrify                        Transmutation/Earth          4
   e - Lee's Rapid Deconstruction     Earth                        5
Comestibles
 d - 7 bread rations
 i - 7 fruits
 k - 5 meat rations
 s - a beef jerky
 u - a royal jelly
 H - 2 chunks of flesh


   Skills:
 - Level 1.5 Dodging
 - Level 2.1 Stealth
 - Level 6.0 Spellcasting
 + Level 7.9 Conjurations
 - Level 0.7 Transmutations
 - Level 11.0 Earth Magic


You had 7 spell levels left.
You knew the following spells:

 Your Spells              Type           Power        Failure   Level  Hunger
a - Sandblast             Erth           #####.       1%          1    None
b - Petrify               Tmut/Erth      ####....     12%         4    ####...
x - Stone Arrow           Conj/Erth      #####.       1%          3    ##.....
z - Lee's Rapid Deconstr  Erth           #####.....   3%          5    #####..


Dungeon Overview and Level Annotations

Branches:
Dungeon (8/15)             Temple (1/1) D:7
   Lair: D:8-11

Altars:
Ashenzari
Cheibriados
Dithmenos
Elyvilon
Fedhas
Gozag
Hepliaklqana
Kikubaaqudgha
Makhleb
Nemelex Xobeh
Okawaru
Pakellas
Qazlal
Ru
Sif Muna
Trog
Uskayaw
Vehumet
Xom
Yredelemnul
Zin
The Shining One

Annotations:
D:8 Erica


Innate Abilities, Weirdness & Mutations

You are resistant to torment.
Your stone body is resilient. (AC +5)
You are immune to poison.
You resist negative energy. (rN+)
You are resistant to electric shocks. (rElec)
You can survive without breathing.
You are immune to petrification.
You are immune to rotting.


Message History

Erica completely misses you.
Casting: Sandblast
Confirm with . or Enter, or press ? or * to list all spells.
You don't have enough magic to cast that spell.
You closely miss Erica.
Erica is heavily wounded.
Erica casts a spell at you.
You feel yourself slow down.
You closely miss Erica.
Erica is heavily wounded.
Erica barely misses you.
You hit Erica.
Erica is poisoned.
Erica is heavily wounded.
Erica gestures at you while chanting. The orb of energy hits you!
Ouch! That really hurt!
* * * LOW HITPOINT WARNING * * *
The orb of energy explodes!
Erica hits you with a scimitar of flaming.
You die...

# #.. ... #.#.##.##
#.#.....#_# #...)†)..#
###@##..[... #.# ..[..
#.# .... ###.## ..#
#@@..# .# #....##+# #
##....##.#
####.....##.####
.........##....#
.##.###'###....#######
##...................
#..).................
#.#####.#.###########


You could see Erica.

Vanquished Creatures
  Grinder (D:4)
  Prince Ribbit (D:7)
  Edmund (D:5)
  3 orc warriors
  2 ice beasts
  An ogre (D:5)
  2 centaurs
  A big kobold (D:8)
  A gnoll sergeant (D:5)
  6 giant frogs
  3 howler monkeys (D:6)
  4 crimson imps
  3 hounds
  2 jellies
  An iguana (D:6)
  An orc priest (D:7)
  4 orc wizards
  8 worker ants
  The ghost of GuiLog the Conjurer, a weakling VSCj (D:3)
  5 gnolls
  11 adders
  3 oozes
  An adder skeleton (D:5)
  4 worms
  2 dart slugs (D:1)
  2 giant geckos
  23 orcs
  4 giant cockroaches
  9 goblins
  9 hobgoblins
  11 jackals
  4 quokkas
  A ball python (D:4)
  8 bats
  3 giant newts
  A jackal skeleton (D:5)
  10 kobolds
  8 rats
165 creatures vanquished.

Notes
Turn   | Place    | Note
-------+----------+-------------------------------------------
     0 | D:1      | TheGoonsmith the Gargoyle Earth Elementalist began the quest for the Orb.
     0 | D:1      | Reached XP level 1. HP: 10/10 MP: 3/3
   373 | D:1      | Reached skill level 4 in Earth Magic
   373 | D:1      | Reached XP level 2. HP: 13/15 MP: 0/5
   935 | D:1      | Reached XP level 3. HP: 19/19 MP: 4/6
  2027 | D:2      | Reached skill level 5 in Earth Magic
  2124 | D:2      | Reached XP level 4. HP: 10/24 MP: 0/8
  3631 | D:3      | Noticed GuiLog's ghost (weakling VSCj)
  3651 | D:3      | Killed GuiLog's ghost
  3705 | D:3      | Reached XP level 5. HP: 28/28 MP: 4/9
  3950 | D:3      | Reached skill level 6 in Earth Magic
  4016 | D:3      | You fall through a shaft!
  4322 | D:3      | You fall through a shaft for 3 floors!
  4327 | D:5      | Entered Level 5 of the Dungeon
  4327 | D:5      | Noticed a centaur
  4594 | D:5      | Reached XP level 6. HP: 24/32 MP: 1/11
  4737 | D:5      | Reached skill level 7 in Earth Magic
  5029 | D:5      | Noticed Edmund
  5050 | D:5      | Killed Edmund
  5050 | D:5      | Reached skill level 8 in Earth Magic
  5050 | D:5      | Reached XP level 7. HP: 20/36 MP: 3/13
  5188 | D:5      | Found a snail-covered altar of Cheibriados.
  6100 | D:4      | Noticed Grinder
  6422 | D:4      | Killed Grinder
  6422 | D:4      | Reached skill level 5 in Spellcasting
  6422 | D:4      | Reached skill level 9 in Earth Magic
  6422 | D:4      | Reached XP level 8. HP: 37/41 MP: 9/15
  7335 | D:4      | Reached skill level 10 in Earth Magic
  8044 | D:6      | Got a pair of steaming gloves
  8103 | D:6      | Identified the +0 pair of gloves of Elyvilon's Approval {rF+} (You found it on level 6 of the Dungeon)
  8229 | D:6      | Learned a level 3 spell: Stone Arrow
  8235 | D:6      | Learned a level 5 spell: Lee's Rapid Deconstruction
  8240 | D:6      | Learned a level 4 spell: Petrify
  8880 | D:7      | Noticed Prince Ribbit
  8972 | D:6      | Reached skill level 11 in Earth Magic
  9288 | D:7      | Killed Prince Ribbit
  9288 | D:7      | Reached XP level 9. HP: 38/45 MP: 8/18
  9806 | D:7      | Reached skill level 5 in Conjurations
 10204 | D:7      | Found a staircase to the Ecumenical Temple.
 10500 | Temple   | Entered the Ecumenical Temple
 10615 | Temple   | Became a worshipper of Vehumet
 11396 | D:8      | Found a shimmering altar of Xom.
 11468 | D:8      | Noticed Erica
 11484 | D:8      | HP: 2/45 [Erica/orb of energy (34)]
 11484 | D:8      | Slain by Erica

Vault maps used:
D:1:      lemuel_arrival_rhombus
D:2:      serial_co_window_serial, co_window_paths_a, co_window_corner_a,
          co_window_corner_a, co_window_corner_a, co_window_paths_a,
          co_window_paths_a, co_window_corner_a, co_window_cross_4,
          co_window_broadway_a, co_window_corner_b, co_window_4corner_b,
          co_window_sun, glass_columns_a, glass_columns_b, glass_columns_b
D:3:      kennysheep_generic_room_13
D:4:      uniq_grinder
D:5:      first_bread, basic_altar, uniq_edmund
D:6:      minmay_crystal_water
D:7:      uniq_prince_ribbit1
D:8:      kennysheep_mini, makhleb_heckhound_becter, uniq_pikel, uniq_erica
Temple:   compressed_dpeg_circular_temple

Skill      XL: |  1  2  3  4  5  6  7  8  9 |
---------------+----------------------------+-----
Earth Magic    | 4 5 6 8 9 11 | 11.0
Spellcasting   | 3 4 5 6 |  6.0
Conjurations   | 3 7 |  7.9
Dodging        | |  1.5
Stealth        | |  2.1
Transmutations | |  0.7

Action                   |  1- 3 |  4- 6 |  7- 9 || total
-------------------------+-------+-------+-------++-------
Melee: Unarmed           |     7 |       |       ||     7
       Short sword       |     3 |       |       ||     3
       Dagger            |    18 |    42 |       ||    60
       Whip              |       |       |    32 ||    32
 Cast: Sandblast         |    88 |   107 |   211 ||   406
       Stone Arrow       |       |       |    28 ||    28
       Lee's Rapid Decon |       |       |     2 ||     2
  Use: Scroll            |       |     1 |    19 ||    20
       Potion            |       |     1 |     1 ||     2
  Eat: Chunk             |     5 |     8 |    10 ||    23
       Meat ration       |       |       |     2 ||     2
       Beef jerky        |       |       |     1 ||     1
Armor: Robe              |    24 |    33 |    66 ||   123
Dodge: Dodged            |    49 |    75 |   122 ||   246
